 Dungeon Crawl Stone Soup version 0.30-a0-368-g86fb4627a9 (webtiles) character file.

Game seed: 3287690126885683430

453 Anamonty the Shooter (level 7, -1/57 HPs)
             Began as a Barachi Hunter on Nov 19, 2022.
             Asphyxiated
             ... in a sewer.
             The game lasted 00:07:17 (3140 turns).

Anamonty the Shooter (Barachi Hunter)               Turns: 3140, Time: 00:07:17

Health: -1/57      AC:  3    Str: 12    XL:     7   Next: 5%
Magic:  7/7        EV: 13    Int: 10    God:
Gold:   144        SH:  0    Dex: 17    Spells: 6/6 levels left

rFire   . . .      SeeInvis .    a - +0 shortbow
rCold   . . .      Faith    .    (shield currently unavailable)
rNeg    . . .      Spirit   .    c - +0 leather armour
rPois   .          Reflect  .    (no helmet)
rElec   .          Harm     .    (no cloak)
rCorr   .          Rampage  .    (no gloves)
Will    .....                    (no boots)
Stlth   ++........               (no amulet)
HPRegen 0.29/turn                (no ring)
MPRegen 0.10/turn                (no ring)

@: lethally poisoned (-1 -> -22), slowed, very slow
A: amphibious, slowness 1, strong legs 1, +LOS
a: Hop


You were in a sewer.
You visited 1 branch of the dungeon, and saw 4 of its levels.
You also visited: Sewer.

You collected 144 gold pieces.

Inventory:

Hand Weapons
 a - a +0 shortbow (weapon)
 d - a +0 rapier
 f - a +0 short sword
Armour
 c - a +0 leather armour (worn)
Scrolls
 b - a scroll of immolation
 n - a scroll of poison {unknown}
Potions
 e - a potion of invisibility
 g - 3 potions of haste
 h - 2 potions of heal wounds
 i - a potion of brilliance {unknown}
 k - a potion of attraction {unknown}
 l - a potion of curing {unknown}
 m - a potion of might {unknown}


   Skills:
 * Level 5.8 Fighting
 * Level 6.0 Ranged Weapons
 + Level 4.0 Dodging
 - Level 1.0 Stealth


You had 6 spell levels left.
You didn't know any spells.
Your spell library contained the following spells:

 Spells                   Type           Power      Damage    Failure   Level
 Ozocubu's Armour         Ice            0%         N/A       82%         3
 Metabolic Englaciation   Hex/Ice        0%         N/A       100%        5
 Simulacrum               Ice/Necr       0%         N/A       100%        6


Dungeon Overview and Level Annotations

Branches:
Dungeon (4/15)              Sewer (1/1)
 Temple: D:4-7

Altars:
Qazlal

Annotations:
D:2 Sigmund


Innate Abilities, Weirdness & Mutations

You are amphibious.
You cover ground slowly.
You can hop short distances.
You have an extended range of vision and can be seen from far away.


Message History

Aim: a kobold brigand, wielding a +0 short sword and quivering curare-tipped darts (moderately wounded, 59% to hit)
You shoot an arrow. The arrow hits the kobold brigand.
The kobold brigand is heavily wounded.
You feel sick.
The kobold brigand throws a curare-tipped dart.
The curare-tipped dart hits you.
You are more poisoned.
You have difficulty breathing.
* * * LOW HITPOINT WARNING * * *
You feel as though you will be slow longer.
Fire: a) +0 shortbow
Press: ? - help, Q - select action, (/) - cycle Shift-Dir - straight line, f/p - kobold brigand
Aim: a kobold brigand, wielding a +0 short sword and quivering curare-tipped darts (heavily wounded, 59% to hit)
You shoot an arrow.
The arrow closely misses the kobold brigand.
* * * LOW HITPOINT WARNING * * *
You feel very sick.
The kobold brigand throws a curare-tipped dart.
The curare-tipped dart closely misses you.
Fire: a) +0 shortbow
Press: ? - help, Q - select action, (/) - cycle Shift-Dir - straight line, f/p - kobold brigand
Aim: a kobold brigand, wielding a +0 short sword and quivering curare-tipped darts (heavily wounded, 59% to hit)
You shoot an arrow.
The arrow hits the kobold brigand but does no damage.
The kobold brigand is heavily wounded.
* * * LOW HITPOINT WARNING * * *
You feel very sick.
Fire: a) +0 shortbow
Press: ? - help, Q - select action, (/) - cycle Shift-Dir - straight line, f/p - kobold brigand
Aim: a kobold brigand, wielding a +0 short sword and quivering curare-tipped darts (heavily wounded, 59% to hit)
You shoot an arrow.
The arrow barely misses the kobold brigand.
* * * LOW HITPOINT WARNING * * *
You feel very sick.
You feel sick.
The kobold brigand throws a curare-tipped dart.
The curare-tipped dart hits you.
You are lethally poisoned!
You have difficulty breathing.
You die...

##K.##~≈≈≈≈≈~~....#
#....#~≈≈≈≈~~~....#
##....~~≈≈≈≈≈≈~....#
#..).~~≈≈≈≈≈≈~~...##
#...~~≈≈≈≈≈≈≈~~...#
#.K.~≈)≈≈≈≈≈≈~~...#
#...~≈≈≈≈≈≈†≈~~..##
##'###≈≈≈≈≈≈###+##
... #≈@≈≈≈≈# ...
#.K. #≈≈≈≈≈≈#..K..
##.K #≈≈≈≈≈≈##.KK##


!KK #≈≈≈≈≈≈#.K... #.!# #≈≈≈≈≈≈#!.#.. ### #≈≈≈≈≈≈### ### ≈≈≈ ≈≈≈≈≈≈≈≈≈≈ ≈≈≈
≈≈≈≈≈≈≈≈≈≈ ########### You could see a kobold brigand and a kobold.

Vanquished Creatures
  A necrophage (D:4)
  A scorpion (D:4)
  A hound (D:4)
  An iguana (D:4)
  4 gnolls (D:3)
  6 adders
  9 river rats (Sewer)
  An ufetubus (D:4)
  2 dart slugs (D:1)
  An orc (D:3)
  6 endoplasms
  3 giant cockroaches
  5 goblins
  5 hobgoblins
  7 jackals (D:1)
  18 kobolds
  4 quokkas
  5 ball pythons
  5 bats
  A frilled lizard (D:1)
  31 rats
117 creatures vanquished.

Notes
Turn   | Place    | Note
-------+----------+-------------------------------------------
     0 | D:1      | Anamonty the Barachi Hunter began the quest for the Orb.
     0 | D:1      | Reached XP level 1. HP: 17/17 MP: 1/1
   112 | D:1      | Reached skill level 1 in Stealth
   171 | D:1      | Reached XP level 2. HP: 23/23 MP: 2/2
   270 | D:1      | Reached XP level 3. HP: 25/29 MP: 3/3
   838 | D:2      | Noticed Sigmund
  1001 | D:3      | Reached XP level 4. HP: 36/37 MP: 4/4
  2213 | D:3      | Found a stormy altar of Qazlal.
  2238 | D:3      | Reached XP level 5. HP: 25/42 MP: 5/5
  2359 | D:3      | Reached skill level 5 in Ranged Weapons
  2535 | D:4      | Reached XP level 6. HP: 50/50 MP: 6/6
  2563 | D:4      | Reached skill level 5 in Fighting
  2667 | D:4      | Found a glowing drain.
  2672 | Sewer    | Entered a sewer
  3037 | Sewer    | Reached skill level 6 in Ranged Weapons
  3041 | Sewer    | Reached XP level 7. HP: 57/57 MP: 7/7
  3140 | Sewer    | Asphyxiated

Illustrated notes

Levels and vault maps discovered:
D:1:      sevenhm_arrival_forest_fort_large_3, layout_basic, serial_curves,
          eino_curves_04, eino_curves_02
D:2:      layout_rooms, grunt_ministairs_8, minmay_pentomino_x4, uniq_sigmund
D:3:      layout_basic, lemuel_tele_altar, kennysheep_generic_room_3
D:4:      layout_rooms, minmay_temple_entry_waves, gammafunk_ghost_grave,
          portal_sewer_entry_e, st_stairs_14
Sewer:    sewer_minmay_treatment

Skill      XL: |  1  2  3  4  5  6  7 |
---------------+----------------------+-----
Stealth        | 1 |  1.0
Fighting       | 3 4 5 |  5.8
Dodging        | 3 4 |  4.0
Ranged Weapons | 5 6 |  6.0

Action                   |  1- 3 |  4- 6 |  7- 9 || total
-------------------------+-------+-------+-------++-------
Melee: Rapier            |       |    17 |       ||    17
 Fire: Shortbow          |   111 |   204 |    39 ||   354
Throw: Throwing net      |       |     2 |       ||     2
 Abil: Hop               |     2 |     3 |       ||     5
  Use: Scroll            |       |     2 |       ||     2
       Potion            |       |       |     1 ||     1
Armor: Leather armour    |     9 |    16 |       ||    25
Dodge: Dodged            |    33 |    75 |    12 ||   120

Table legend: (Time is in decaauts)
 A = Elapsed time spent in this place.
 B = Non-inter-level travel time spent in this place.
 C = Inter-level travel time spent in this place.
 D = Time resting spent in this place.
 E = Time spent auto-exploring this place.
 F = Levels seen in this place.
 G = Mean time per level.
                   A        B        C        D        E       F      G
               +--------+--------+--------+--------+--------+-----+--------+
         Total |   3717 |   3537 |    180 |      0 |   2561 |   5 |  743.4 |
       Dungeon |   3163 |   2983 |    180 |      0 |   2291 |   4 |  790.8 |
         Sewer |    554 |    554 |      0 |      0 |    270 |   1 |  554.0 |
               +--------+--------+--------+--------+--------+-----+--------+

Top non-repeatable levels by time:
     D:3: 1739 daAuts
     D:1: 1056 daAuts
   Sewer: 554 daAuts
     D:4: 282 daAuts
     D:2: 85 daAuts
